 Dungeon Crawl Stone Soup version 0.31-a0-986-g5e6e4ef867 (webtiles) character file.

Game seed: 10268863580160717630

5281 sokol815 the Basher (level 10, 0/72 HPs)
             Began as an Octopode Fighter on Nov 4, 2023.
             Was an Initiate of Gozag.
             Slain by Harold
             ... wielding a +4 heavy halberd
              (29 damage)
             ... on level 9 of the Dungeon.
             The game lasted 00:19:25 (8146 turns).

sokol815 the Basher (Octopode Fighter)              Turns: 8146, Time: 00:19:26

Health: 0/72       AC:  5    Str: 17    XL:     10   Next: 63%
Magic:  10/10      EV: 19    Int: 12    God:    Gozag
Gold:   192        SH:  6    Dex: 19    Spells: 9/9 levels left

rFire   + . .        a - +3 whip (elec)
rCold   . . .        b - +1 buckler
rNeg    . . .        (helmet restricted)
rPois   .            l - amulet of regeneration
rElec   .            Z - ring of wizardry {Wiz+, !d}
rCorr   .            F - ring of protection from fire {rF+, !d}
SInv    +            A - +4 ring of protection
Will    .....        t - +6 ring of dexterity
Stlth   +++          V - ring of see invisible {sInv, !d}
HPRegen 1.12/turn    (no ring)
MPRegen 0.12/turn    (no ring)
                     (no ring)

%: wizardry (x1)
@: marked, studying Dodging
A: almost no armour, amphibious, 8 rings, camouflage 1, gelatinous body 1,
(nimble swimmer 1), tentacles
a: Renounce Religion, Potion Petition, Call Merchant, Bribe Branch


You were on level 9 of the Dungeon.
You worshipped Gozag.
Gozag was aware of your devotion.
You visited 2 branches of the dungeon, and saw 10 of its levels.

You collected 1595 gold pieces.
You spent 1352 gold pieces at shops.
You paid 51 gold pieces to Gozag.

Inventory:

Hand Weapons
 a - a +3 whip of electrocution (weapon)
   (You took it off a kobold on level 1 of the Dungeon)
 h - a +2 short sword of protection
   (You took it off a kobold on level 2 of the Dungeon)
 i - a +4 flail
   (You took it off an orc on level 5 of the Dungeon)
 n - the +9 short sword of Gubb {drain, Str-5 Int+4}
   (You found it on level 8 of the Dungeon)

   Str-5:     It affects your strength (-5).
   Int+4:     It affects your intelligence (+4).
 u - a +2 spectral quarterstaff
   (You took it off Joseph on level 7 of the Dungeon)
 v - a +0 war axe
 x - a +3 short sword of freezing
   (You took it off a wight on level 8 of the Dungeon)
Missiles
 g - 7 boomerangs
 k - 3 throwing nets {!d}
 p - 29 poisoned darts
 r - 3 silver javelins
 s - 103 stones
Armour
 b - a +1 buckler (worn)
Jewellery
 c - an amulet of the acrobat
   (You found it on level 5 of the Dungeon)
 l - an amulet of regeneration (around mantle)
   (You bought it in a shop on level 7 of the Dungeon)
 t - a +6 ring of dexterity (on tentacle)
   (You bought it in a shop on level 3 of the Dungeon)
 A - a +4 ring of protection (on tentacle)
   (You bought it in a shop on level 5 of the Dungeon)
 F - a ring of protection from fire (right tentacle) {rF+, !d}
   (You found it on level 3 of the Dungeon)
 V - a ring of see invisible (on tentacle) {sInv, !d}
   (You bought it in a shop on level 3 of the Dungeon)
 Z - a ring of wizardry (left tentacle) {Wiz+, !d}
   (You found it on level 3 of the Dungeon)
Talismans
 o - a talisman of death
   (You found it on level 6 of the Dungeon)
Wands
 e - a wand of charming (15)
   (You took it off Joseph on level 7 of the Dungeon)
 j - a wand of polymorph (7)
   (You took it off Sigmund on level 6 of the Dungeon)
 q - a wand of flame (21)
   (You found it on level 3 of the Dungeon)
 y - a wand of mindburst (8)
   (You found it on level 7 of the Dungeon)
Scrolls
 m - 2 scrolls of identify {@r1}
 w - a scroll of poison {!r}
 z - a scroll of amnesia
 B - a scroll of brand weapon {unknown}
 D - a scroll of blinking {!r}
 E - 4 scrolls of fear
 Y - a scroll of teleportation {@r3}
Potions
 d - a potion of enlightenment
 f - a potion of attraction {!q}
 H - a potion of haste
 I - 2 potions of invisibility
 J - a potion of curing {@q1}
 P - 3 potions of lignification {!q}
 T - 2 potions of berserk rage {!q}
 U - 2 potions of mutation {!q}


   Skills:
 - Level 8.0 Fighting
 - Level 3.0(8.1) Axes
 - Level 11.8(12.0) Maces & Flails
 + Level 9.3 Dodging
 - Level 3.0 Shields


You had 9 spell levels left.
You didn't know any spells.
Your spell library contained the following spells:

 Spells                   Type           Power      Damage    Failure   Level
 Poisonous Vapours        Pois/Air       0%         N/A       26%         2
 Mephitic Cloud           Conj/Pois/Air  0%         N/A       43%         3
 Freezing Cloud           Conj/Ice/Air   0%         6-21      98%         5


Dungeon Overview and Level Annotations

Branches:
Dungeon (9/15) Zot: 26799  Temple (1/1) D:4 Zot: 5991
   Lair: D:8-11         Orc: D:9-12

Altars:
Ashenzari
Cheibriados
Dithmenos
Elyvilon
Fedhas
Gozag
Hepliaklqana
Kikubaaqudgha
Makhleb
Nemelex Xobeh
Okawaru
Qazlal
Sif Muna
Trog
Uskayaw
Vehumet
Wu Jian
Xom
Yredelemnul
Zin
The Shining One

Shops:
D:3 ?=[   D:5 *(!(   D:7 =   D:9 [

Annotations:
D:2 1 runed translucent door, Crazy Yiuf
D:9 1 transporter, Harold


Innate Abilities, Weirdness & Mutations

You cannot wear most types of armour.
You are amphibious.
You can wear up to eight rings at the same time.
Your skin changes colour to match your surroundings (Stealth+).
Your rubbery body absorbs attacks. (AC +1, EV +1)
((You are camouflaged when in or above water. (Stealth+)))
You have tentacles for arms and can constrict up to eight enemies at once.


Message History

Press: ? - help, Shift-Dir - straight line, f - two-headed ogre
Aim: a two-headed ogre, wielding a +0 giant club and a +0 giant spiked club (asleep, chance to affect: 47%)
The two-headed ogre shouts in stereo!
The two-headed ogre's minds are blasted!
Press: ? - help, Shift-Dir - straight line, f/p - two-headed ogre
Aim: a two-headed ogre, wielding a +0 giant club and a +0 giant spiked club (moderately wounded, chance to affect: 47%)
The two-headed ogre resists with some effort.
Press: ? - help, Shift-Dir - straight line, f/p - two-headed ogre
Aim: a two-headed ogre, wielding a +0 giant club and a +0 giant spiked club (moderately wounded, chance to affect: 47%)
The two-headed ogre's minds are blasted!
Press: ? - help, Shift-Dir - straight line, f/p - two-headed ogre
Aim: a two-headed ogre, wielding a +0 giant club and a +0 giant spiked club (heavily wounded, chance to affect: 47%)
The two-headed ogre's minds are blasted!
Press: ? - help, Shift-Dir - straight line, f/p - two-headed ogre
Aim: a two-headed ogre, wielding a +0 giant club and a +0 giant spiked club (severely wounded, chance to affect: 47%)
The two-headed ogre's minds are blasted!
You blow up the two-headed ogre!
Training target 12.0 for Maces & Flails reached!
You need to enable at least one skill for training.
A yak comes into view.
The yak moves out of view.
J - a potion of curing {@q1} You now have 141 gold pieces (gained 5).
A yak comes into view. 2 yaks come into view.
The yak bellows!
There is a stone staircase leading up here.
The yak gores you!
You climb upwards.
There is a stone staircase leading down here.
You take 11 damage, and have 61/72 hp.
You barely miss the yak. You hit the yak. You block the yak's attack.
You hit the yak but do no damage. You whack the yak!
Lightning courses through the yak! You squeeze the yak! The yak misses you.
You hit the yak. Lightning courses through the yak! You whack the yak!
You kill the yak!
No target in view!
You now have 156 gold pieces (gained 15).
You regained 2 hp, and now have 67/72 hp.
There is a stone staircase leading down here.
You start resting.
Health restored: 72 You climb downwards.
Level annotation: 1 transporter
There is a stone staircase leading up, spattered with blood here.
You now have 171 gold pieces (gained 15).
Found a stone staircase leading up.
You now have 187 gold pieces (gained 16).
B - a scroll labelled TULEPP FOETI A shadow comes into view.
You hit the shadow. Lightning courses through the shadow!
Your squeeze misses the shadow.
The shadow slips into darkness.
The shadow flickers and vanishes for a moment.
You hit the shadow. You closely miss the shadow. The shadow hits you.
You take 2 damage, and have 70/72 hp.
You hit the shadow but do no damage. You closely miss the shadow.
You squeeze the shadow, but do no damage.
You block the shadow's attack.
You hit the shadow. You squeeze the shadow. You barely miss the shadow.
You block the shadow's attack.
Health restored: 72 You hit the shadow but do no damage.
Your tentacle-slap misses the shadow.
Your squeeze misses the shadow. You hit the shadow.
You destroy the shadow!
Your Dodging skill increases to level 9!
No target in view!
You now have 192 gold pieces (gained 5).
Harold the Weathered comes into view.
He is wielding a +4 heavy halberd.
Harold shouts!
Harold hits you from afar with a +4 heavy halberd!!
You take 25 damage, and have 47/72 hp.
MASSIVE DAMAGE!!
You hit Harold. Lightning courses through Harold! You grab Harold.
You constrict Harold, but do no damage.
Harold hits you with a +4 heavy halberd!!
You take 23 damage, and have 25/72 hp.
MASSIVE DAMAGE!!
You hit Harold but do no damage. You squeeze Harold, but do no damage.
You constrict Harold. You whack Harold! You squeeze Harold!
You constrict Harold. Harold misses you.
You hit Harold. You squeeze Harold! You constrict Harold.
You hit Harold but do no damage. You squeeze Harold!
You constrict Harold, but do no damage. You completely miss Harold.
You squeeze Harold! You constrict Harold, but do no damage.
Harold gestures at you while chanting. A sentinel's mark forms upon you.
You barely miss Harold. You constrict Harold. You hit Harold.
You squeeze Harold! You constrict Harold, but do no damage.
Harold hits you with a +4 heavy halberd!!
You die...
Harold sighs, "Nothing for old Harold but painting after this."
Your body crumbles into a pile of gold.

........######..#####......
...[....# #..# #......
.....!..# #..# #......
........# #..# #......
........######..#####......
...........................
...........................
###..####..#########..####.
#.. #.@# #..# #. #.. #.@#
#..# #. #. #..# ######..#
#. #... ........####. .....
............. ....##
######....... ##..#
#..####. #..# #..# #. #..#
#.


You could see Harold.

Vanquished Creatures
  A two-headed ogre (D:9)
  Joseph (D:7)
  Sigmund (D:6)
  A shadow (D:9)
  A yak (D:8)
  A steam dragon (D:7)
  Duvessa (D:6)
  An orc warrior (D:8)
  2 ogres
  2 centaurs
  2 phantoms
  Blork the orc (D:4)
  A bullfrog (D:8)
  A gnoll sergeant (D:8)
  2 kobold brigands
  A scorpion (D:4)
  9 wights
  Dowan (D:6)
  16 killer bees
  2 howler monkeys (D:4)
  6 crimson imps (D:7)
  7 hounds
  2 jellies
  4 orc priests
  2 iguanas (D:5)
  3 sleepcaps
  Natasha (thrice) (D:4)
  12 orc wizards
  8 gnolls
  5 adders
  3 shadow imps
  3 white imps
  4 ufetubi
  2 worms
  3 dart slugs
  35 orcs
  10 ball pythons
  8 endoplasms
  5 giant cockroaches
  4 hobgoblins
  4 jackals (D:3)
  5 quokkas
  8 bats
  5 frilled lizards
  10 goblins
  23 kobolds
  7 rats
  A spectral orc (D:4)
240 creatures vanquished.

Notes
Turn   | Place    | Note
-------+----------+-------------------------------------------
     0 | D:1      | sokol815 the Octopode Fighter began the quest for the Orb.
     0 | D:1      | Reached XP level 1. HP: 16/16 MP: 1/1
    51 | D:1      | Reached XP level 2. HP: 11/21 MP: 2/2
   127 | D:1      | HP: 4/21 [kobold/+2 whip of electrocution (9)]
   249 | D:1      | HP: 4/21 [frozen (5)]
   362 | D:1      | Reached skill level 3 in Axes
   604 | D:1      | Reached XP level 3. HP: 26/26 MP: 3/3
   713 | D:1      | Reached skill level 1 in Maces & Flails
  1050 | D:2      | HP: 6/26 [constriction (1)]
  1051 | D:2      | Reached skill level 2 in Maces & Flails
  1051 | D:2      | Reached XP level 4. HP: 4/31 MP: 4/4
  1546 | D:2      | Found a runed translucent door.
  1547 | D:2      | Noticed Crazy Yiuf
  1601 | D:3      | Found Nulul's Antique Armour Shoppe.
  2116 | D:3      | Found Fiyrod's Jewellery Shop.
  2166 | D:3      | Found Xybrolup's Magic Scroll Emporium.
  2388 | D:4      | Reached skill level 3 in Maces & Flails
  2388 | D:4      | Reached XP level 5. HP: 37/37 MP: 5/5
  2401 | D:4      | Reached skill level 4 in Fighting
  2404 | D:4      | Noticed Blork the orc
  2414 | D:4      | Noticed Natasha
  2422 | D:4      | Killed Blork the orc
  2423 | D:4      | Reached skill level 4 in Maces & Flails
  2423 | D:4      | Reached XP level 6. HP: 15/43 MP: 6/6
  2555 | D:4      | Killed Natasha
  2696 | D:4      | Found a staircase to the Ecumenical Temple.
  2706 | D:4      | Found a shimmering altar of Xom.
  2715 | D:4      | Noticed Natasha
  2725 | D:4      | Killed Natasha
  2840 | Temple   | Entered the Ecumenical Temple
  2844 | Temple   | Became a worshipper of Gozag Ym Sagoz the Greedy
  2867 | D:4      | Noticed Natasha
  2872 | D:4      | Killed Natasha
  3088 | D:4      | Reached skill level 5 in Maces & Flails
  3236 | D:4      | Reached skill level 5 in Fighting
  3236 | D:4      | Reached XP level 7. HP: 50/50 MP: 7/7
  3485 | D:4      | Found a basalt altar of Yredelemnul.
  3635 | D:5      | Entered Level 5 of the Dungeon
  3929 | D:5      | Found an ancient bone altar of Kikubaaqudgha.
  4076 | D:5      | Reached skill level 6 in Maces & Flails
  4183 | D:5      | Found Zisosch's Weapon Shop.
  4184 | D:5      | Found Ipin Ifo's Antique Weapon Shop.
  4187 | D:5      | Found Kachutie's Distillery.
  4192 | D:5      | Found Visoes's General Store.
  4198 | D:5      | Bought a potion of degeneration for 11 gold pieces
  4226 | D:5      | HP: 12/50 [white imp/puff of frost (10)]
  4419 | D:5      | Bought a +4 ring of protection for 360 gold pieces
  4448 | D:5      | Found a bloodstained altar of Trog.
  4449 | D:5      | Found a stormy altar of Qazlal.
  4453 | D:5      | Reached XP level 8. HP: 37/57 MP: 8/8
  4678 | D:5      | Reached skill level 7 in Maces & Flails
  4729 | D:5      | Reached skill level 6 in Fighting
  4863 | D:6      | Noticed Duvessa
  4863 | D:6      | Noticed Dowan
  4884 | D:6      | Killed Dowan
  4897 | D:6      | Killed Duvessa
  4898 | D:6      | Reached skill level 8 in Maces & Flails
  5496 | D:6      | Found a shadowy altar of Dithmenos.
  5508 | D:6      | Reached skill level 7 in Fighting
  5514 | D:6      | Reached XP level 9. HP: 54/64 MP: 9/9
  5640 | D:6      | Noticed Sigmund
  5649 | D:6      | Killed Sigmund
  5650 | D:6      | Reached skill level 9 in Maces & Flails
  5981 | D:3      | Bought a +6 ring of dexterity for 396 gold pieces
  5981 | D:3      | Bought a ring of see invisible for 165 gold pieces
  6058 | D:7      | Noticed Joseph
  6076 | D:7      | Killed Joseph
  6261 | D:7      | Identified a scroll of acquirement
  6298 | D:7      | Acquired a manual of Dodging
  6310 | D:7      | Reached skill level 10 in Maces & Flails
  6314 | D:7      | Reached skill level 4 in Dodging
  6575 | D:7      | Found Ufrog's Jewellery Emporium.
  6621 | D:7      | Reached skill level 8 in Fighting
  6627 | D:7      | Reached skill level 5 in Dodging
  6979 | D:7      | Reached skill level 6 in Dodging
  7006 | D:7      | Reached XP level 10. HP: 45/72 MP: 10/10
  7057 | D:7      | Reached skill level 7 in Dodging
  7307 | D:8      | Reached skill level 11 in Maces & Flails
  7360 | D:7      | Bought an amulet of regeneration for 420 gold pieces
  7393 | D:8      | Found a blossoming altar of Fedhas.
  7459 | D:8      | Identified the +9 short sword of Gubb {drain, Str-5 Int+4}
  7582 | D:8      | Reached skill level 8 in Dodging
  7936 | D:9      | Found Qitump's Armour Boutique.
  7937 | D:9      | Found a transporter.
  7985 | D:9      | Noticed a two-headed ogre
  7990 | D:9      | Killed a two-headed ogre
  8096 | D:9      | Reached skill level 9 in Dodging
  8132 | D:9      | Noticed Harold
  8146 | D:9      | Slain by Harold

Illustrated notes

Levels and vault maps discovered:
D:1:      sevenhm_arrival_forest_fort_small_3, layout_basic,
          minmay_statues_item, minmay_heptomino_l4
D:2:      layout_rooms, minmay_misc_feat_tiny, uniq_crazy_yiuf_cottage
D:3:      layout_loops_ring, serial_shops, nicolae_shop_just_a_little_nook,
          shop, nicolae_shop_behind_doors, hangedman_decor_peaks_small,
          nrook_uturn, minmay_misc_feat_pillars
D:4:      layout_basic, yredelemnul_forgotten_temple_becter,
          overflow_temple_1_default, temple_pool_b, minivault_1,
          uniq_blork_the_orc, uniq_natasha
D:5:      layout_gridville, jmf_multi_god_temple,
          nicolae_kikubaaqudgha_miasma_corner, minmay_shop_grid_forest
D:6:      layout_rooms, nicolae_dithmenos_through_a_glass_darkly,
          billiards_dpeg, uniq_sigmund, uniq_duvessa
D:7:      layout_basic, serial_shops, shop, minmay_nine_imps, uniq_joseph
D:8:      layout_rooms, fedhas_altar_3
D:9:      layout_small_grid, serial_shops, shop,
          gammafunk_ghost_wrathful_warriors, uniq_harold
Temple:   zaba_magenta_temple

Skill      XL: |  1  2  3  4  5  6  7  8  9 10 |
---------------+-------------------------------+-----
Axes           | 3 |  3.0
Maces & Flails | 2 3 4 5 6 8 10 11 | 11.8
Fighting       | 4 5 7 8 |  8.0
Dodging        | 6 9 |  9.3
Shields        | |  3.0

Action                     |  1- 3 |  4- 6 |  7- 9 | 10-12 || total
---------------------------+-------+-------+-------+-------++-------
  Melee: War axe           |    14 |       |       |       ||    14
         Constrict         |    12 |    33 |    59 |    25 ||   129
         Tentacles         |     9 |    24 |    61 |    38 ||   132
         Punch             |     2 |     1 |     4 |     3 ||    10
         Whip              |    56 |   142 |   283 |   134 ||   615
  Evoke: Wand              |       |       |     4 |     5 ||     9
    Use: Scroll            |     6 |     5 |     8 |     2 ||    21
         Potion            |       |     2 |     1 |       ||     3
   Stab: Sleeping          |     4 |    12 |     3 |       ||    19
         Distracted        |       |     1 |     3 |     3 ||     7
 Armour: Skin              |    32 |    51 |    97 |    26 ||   206
  Dodge: Dodged            |    49 |    55 |   130 |    61 ||   295
  Block: Buckler           |    17 |    30 |    46 |    21 ||   114

Table legend: (Time is in decaauts)
 A = Elapsed time spent in this place.
 B = Non-inter-level travel time spent in this place.
 C = Inter-level travel time spent in this place.
 D = Time resting spent in this place.
 E = Time spent auto-exploring this place.
 F = Levels seen in this place.
 G = Mean time per level.
                   A        B        C        D        E       F      G
               +--------+--------+--------+--------+--------+-----+--------+
         Total |   8017 |   7500 |    517 |   1116 |   4955 |  10 |  801.7 |
       Dungeon |   8008 |   7495 |    513 |   1116 |   4955 |   9 |  889.8 |
        Temple |      8 |      4 |      4 |      0 |      0 |   1 |    8.0 |
               +--------+--------+--------+--------+--------+-----+--------+

Top non-repeatable levels by time:
     D:5: 1463 daAuts
     D:4: 1131 daAuts
     D:7: 1056 daAuts
     D:6: 991 daAuts
     D:3: 958 daAuts
     D:1: 813 daAuts
     D:2: 776 daAuts
     D:8: 628 daAuts
     D:9: 188 daAuts
  Temple: 8 daAuts

Levels and vault maps discovered:
D:1:      sevenhm_arrival_forest_fort_small_3, layout_basic,
          minmay_statues_item, minmay_heptomino_l4
D:2:      layout_rooms, minmay_misc_feat_tiny, uniq_crazy_yiuf_cottage
D:3:      layout_loops_ring, serial_shops, nicolae_shop_just_a_little_nook,
          shop, nicolae_shop_behind_doors, hangedman_decor_peaks_small,
          nrook_uturn, minmay_misc_feat_pillars
D:4:      layout_basic, yredelemnul_forgotten_temple_becter,
          overflow_temple_1_default, temple_pool_b, minivault_1,
          uniq_blork_the_orc, uniq_natasha
D:5:      layout_gridville, jmf_multi_god_temple,
          nicolae_kikubaaqudgha_miasma_corner, minmay_shop_grid_forest
D:6:      layout_rooms, nicolae_dithmenos_through_a_glass_darkly,
          billiards_dpeg, uniq_sigmund, uniq_duvessa
D:7:      layout_basic, serial_shops, shop, minmay_nine_imps, uniq_joseph
D:8:      layout_rooms, fedhas_altar_3
D:9:      layout_small_grid, serial_shops, shop,
          gammafunk_ghost_wrathful_warriors, uniq_harold
Temple:   zaba_magenta_temple

Table legend: (Time is in decaauts)
 A = Elapsed time spent in this place.
 B = Non-inter-level travel time spent in this place.
 C = Inter-level travel time spent in this place.
 D = Time resting spent in this place.
 E = Time spent auto-exploring this place.
 F = Levels seen in this place.
 G = Mean time per level.
                   A        B        C        D        E       F      G
               +--------+--------+--------+--------+--------+-----+--------+
         Total |   8017 |   7500 |    517 |   1116 |   4955 |  10 |  801.7 |
       Dungeon |   8008 |   7495 |    513 |   1116 |   4955 |   9 |  889.8 |
        Temple |      8 |      4 |      4 |      0 |      0 |   1 |    8.0 |
               +--------+--------+--------+--------+--------+-----+--------+

Top non-repeatable levels by time:
     D:5: 1463 daAuts
     D:4: 1131 daAuts
     D:7: 1056 daAuts
     D:6: 991 daAuts
     D:3: 958 daAuts
     D:1: 813 daAuts
     D:2: 776 daAuts
     D:8: 628 daAuts
     D:9: 188 daAuts
  Temple: 8 daAuts

Table legend:
 A = Kills in this place as a percentage of kills in the entire game.
 B = Kills by you in this place as a percentage of kills by you in the entire game.
 C = Kills by friends in this place as a percentage of kills by friends in the entire game.
 D = Other kills in this place as a percentage of other kills in the entire game.
 E = Experience gained in this place as a percentage of experience gained in the entire game.
 F = Experience gained in this place divided by the number of levels of this place that you have seen.
                   A       B       C       D       E      F
               +-------+-------+-------+-------+-------+----------------------
         Total | 100.0 | 100.0 |   N/A |   N/A | 100.0 | 754.5
       Dungeon | 100.0 | 100.0 |   N/A |   N/A | 100.0 | 838.3
               +-------+-------+-------+-------+-------+----------------------
